 Dungeon Crawl Stone Soup version 0.19-a0-1738-gbb2db12 (webtiles) character file.

50 Cirk the Poker (level 3, -1/21 HPs)
             Began as a Tengu Gladiator on Oct 1, 2016.
             Killed from afar by a dart slug (7 damage)
             ... with a slug dart
             ... on level 2 of the Dungeon.
             The game lasted 00:01:08 (1045 turns).

Cirk the Poker (Tengu Gladiator)                    Turns: 1045, Time: 00:01:09

Health: -1/21      AC:  8    Str: 15    XL:     3   Next: 79%
Magic:  4/4        EV:  7    Int:  9    God:
Gold:   39         SH:  0    Dex: 14    Spells: 0 memorised, 2 levels left

rFire  . . .     SeeInvis .     a - +0 trident
rCold  . . .     Gourm    .     j - +0 chain mail
rNeg   . . .     Faith    .     (no shield)
rPois  .         Spirit   .     c - +0 hat
rElec  .         Dismiss  .     (no cloak)
rCorr  .         Reflect  .     (no gloves)
MR     .....     Harm     .     (boots unavailable)
Stlth  ..........               (no amulet)
                                (no ring)
                                (no ring)

@: lethally poisoned (-1 -> -3)
A: beak, talons 3
a: no special abilities


You were on level 2 of the Dungeon.
You were not hungry.

You visited 1 branch of the dungeon, and saw 2 of its levels.

You collected 39 gold pieces.

Inventory:

Hand Weapons
 a - a +0 trident (weapon)
Armour
 c - a +0 hat (worn)
 j - a +0 chain mail (worn)
Scrolls
 b - 2 scrolls of teleportation
 e - a scroll of recharging
 n - 2 scrolls of magic mapping {unknown}
Potions
 g - a potion of degeneration {unknown}
 h - a potion of cancellation {unknown}
 k - a potion of magic {unknown}
 m - a potion of resistance {unknown}
Comestibles
 f - a bread ration
 i - 3 fruits
 l - 3 chunks of flesh


   Skills:
 - Level 2.0 Fighting
 + Level 5.0 Polearms
 - Level 2.0 Throwing
 - Level 3.2 Dodging


You had 2 spell levels left.
You didn't know any spells.

Dungeon Overview and Level Annotations

Branches:
Dungeon (2/15)

Altars:
Cheibriados
Trog


Innate Abilities, Weirdness & Mutations

You have a beak for a mouth.
You have claws for feet.


Message History

The adder is caught in the net!
The adder struggles against the net.
You hit the adder.
The adder is lightly wounded.
The adder struggles against the net. x2
The dart slug launches a dart at you. The slug dart hits you!
* * * LOW HITPOINT WARNING * * *
You puncture the adder! You claw the adder, but do no damage.
You peck the adder.
You kill the adder!
Your Polearms skill increases to level 5!
You feel sick.
Throwing (i - inventory):
d - a throwing net (quivered)
Press: ? - help, Shift-Dir - straight line, f - dart slug
Aim: a dart slug (clinging)
You throw a throwing net. The throwing net hits the dart slug.
The dart slug is caught in the net!
The dart slug launches a dart at you. The slug dart hits you!
You die...

......#########.......#
.#....# #.(.....#
.#....# #.......#
#....# #.......# #....#
#.<.....###### ######
#............#
#......_..##.#
######$.......##
#...w..@.....##
#$....†####### #......
#...... #...... #......
#(.$... #......


You could see a dart slug (caught).

Vanquished Creatures
  Jessica (D:2)
  An adder (D:2)
  A dart slug (D:1)
  A giant cockroach (D:1)
  2 goblins (D:1)
  3 hobgoblins (D:1)
  A quokka (D:2)
  4 frilled lizards
14 creatures vanquished.

Notes
Turn   | Place    | Note
-------+----------+-------------------------------------------
     0 | D:1      | Cirk the Tengu Gladiator began the quest for the Orb.
     0 | D:1      | Reached XP level 1. HP: 12/12 MP: 2/2
   673 | D:1      | Reached XP level 2. HP: 15/17 MP: 3/3
   725 | D:1      | Reached skill level 4 in Polearms
   972 | D:2      | Noticed Jessica
   975 | D:2      | Killed Jessica
   975 | D:2      | Reached XP level 3. HP: 21/21 MP: 4/4
   999 | D:2      | Found a bloodstained altar of Trog.
  1018 | D:2      | Found a snail-covered altar of Cheibriados.
  1044 | D:2      | Reached skill level 5 in Polearms
  1045 | D:2      | Killed from afar by a dart slug

Vault maps used:
D:1:      minmay_arrival_stair_chambers
D:2:      cheibriados_altar_1, bloody_trog, ecumenical_altar_1, uniq_jessica

Skill      XL: |  1  2  3 |
---------------+----------+-----
Polearms       | 4 5 |  5.0
Fighting       | |  2.0
Throwing       | |  2.0
Dodging        | |  3.2

Action                   || total
-------------------------++-------
Melee: Trident           ||    48
       Kick              ||    15
       Peck              ||     4
Throw: Throwing net      ||     3
  Use: Scroll            ||     3
Armor: Scale mail        ||     2
       Leather armour    ||     1
       Chain mail        ||     9
Dodge: Dodged            ||    13
